 Dungeon Crawl Stone Soup version 0.26-a0-682-g294304f6e8 (console) character file.

Game seed: 18149720098817857291

16788 om the Spry (level 12, 0/96 HPs)
             Began as a Minotaur Fighter on Oct 21, 2020.
             Was an Initiate of Gozag.
             Slain by a nine-headed hydra (16 damage)
             ... on level 1 of the Lair of Beasts.
             The game lasted 00:16:26 (14053 turns).

om the Spry (Minotaur Fighter)                     Turns: 14053, Time: 00:16:27

Health: 0/96       AC: 13    Str: 24    XL:     12   Next: 13%
Magic:  11/11      EV: 25    Int:  5    God:    Gozag
Gold:   1506       SH:  6    Dex: 18    Spells: 11/11 levels left

rFire    + . .     SeeInvis +   M - +2 war axe (venom)
rCold    + . .     Faith    .   y - +0 buckler "Woczock" {Rampage rF+ rC+}
rNeg     + . .     Spirit   .   H - +0 ring mail "Gaedaerch" {*Contam Harm *Slow rCorr}
rPois    .         Reflect  .   I - +0 hat {SInv}
rElec    .         Harm     +   E - +1 cloak
rCorr    +         Rampage  +   N - +0 pair of gloves
MR       .....                  d - +2 pair of boots
Stlth    +.........             (no amulet)
HPRegen  0.26/turn              f - ring of positive energy
MPRegen  0.12/turn              r - +6 ring of dexterity

@: no status effects
A: retaliatory headbutt, horns 2
a: Potion Petition, Call Merchant, Bribe Branch, Renounce Religion


You were on level 1 of the Lair of Beasts.
You worshipped Gozag.
Gozag was most pleased with you.
You visited 3 branches of the dungeon, and saw 15 of its levels.

You collected 2529 gold pieces.
You spent 260 gold pieces at shops.
You paid 763 gold pieces to Gozag.

Inventory:

Hand Weapons
 M - a +2 war axe of venom (weapon)
Armour
 b - a +0 scale mail
 c - a +0 kite shield
 d - a +2 pair of boots (worn)
 o - cursed +0 acid dragon scales
 y - the +0 buckler "Woczock" (worn) {Rampage rF+ rC+}
   (You found it on level 7 of the Dungeon)

   It protects you from fire.
   It protects you from cold.
   It bestows one free step when moving towards enemies.
 E - a +1 cloak (worn)
 H - the +0 ring mail "Gaedaerch" (worn) {*Contam Harm *Slow rCorr}
   (You found it on level 9 of the Dungeon)

   It causes magical contamination when unequipped.
   It provides partial protection from all sources of acid and corrosion.
   It may slow you when you take damage.
   It increases damage dealt and taken.
 I - a +0 hat of see invisible (worn)
 K - a +1 chain mail of fire resistance
 N - a +0 pair of gloves (worn)
Jewellery
 f - a ring of positive energy (left hand)
 r - a +6 ring of dexterity (right hand)
 Q - a cursed -4 ring of strength
Wands
 n - a wand of acid (1)
 p - a wand of polymorph (6)
 x - a wand of iceblast (13)
 D - a wand of enslavement (7)
 J - a wand of paralysis (14)
 L - a wand of random effects (30)
Scrolls
 g - 2 scrolls of blinking {unknown}
 h - 8 scrolls of remove curse
 k - 2 scrolls of amnesia {unknown}
 m - 8 scrolls of teleportation
 q - a scroll of enchant armour {unknown}
 s - 3 scrolls of fear {unknown}
 u - 2 scrolls of torment {unknown}
 B - 2 scrolls of magic mapping
 C - a scroll of holy word {unknown}
 F - 3 scrolls of enchant weapon {unknown}
 O - a scroll of brand weapon {unknown}
 P - a scroll of identify
Potions
 a - a potion of might
 e - 2 potions of mutation {unknown}
 i - 4 potions of flight {unknown}
 j - a potion of stabbing
 l - 2 potions of heal wounds
 t - 5 potions of curing
 v - a potion of haste {unknown}
 w - a potion of ambrosia {unknown}
 z - 2 potions of cancellation {unknown}
 A - a potion of magic {unknown}
 G - a potion of brilliance {unknown}


   Skills:
 + Level 6.0 Fighting
 - Level 8.0 Axes
 * Level 8.0 Armour
 - Level 17.5 Dodging
 - Level 5.0 Shields


You had 11 spell levels left.
You didn't know any spells.
Your spell library contained the following spells:

 Spells                   Type           Power        Failure   Level
 Freeze                   Ice            #...         61%         1
 Frozen Ramparts          Ice            #.....       93%         3
 Ozocubu's Armour         Ice            #.......     93%         3
 Hailstorm                Conj/Ice       #.......     100%        4
 Summon Ice Beast         Ice/Summ       #.......     100%        4


Dungeon Overview and Level Annotations

Branches:
Dungeon (13/15)            Temple (1/1) D:5            Lair (1/6) D:10
    Orc (0/2) D:12
 Vaults: D:13-14

Altars:
Ashenzari
Cheibriados
Dithmenos
Elyvilon
Fedhas
Gozag
Hepliaklqana
Kikubaaqudgha
Makhleb
Nemelex Xobeh
Okawaru
Qazlal
Ru
Sif Muna
Trog
Uskayaw
Vehumet
Wu Jian
Xom
Yredelemnul
Zin
The Shining One

Shops:
D:9 [   D:10 !


Innate Abilities, Weirdness & Mutations

You reflexively headbutt those who attack you in melee.
You have a pair of horns on your head.


Message History

The seven-headed hydra grows two more!
You slash the nine-headed hydra!
The nine-headed hydra is almost dead.
The nine-headed hydra completely misses you. x2
The nine-headed hydra barely misses you.
The nine-headed hydra completely misses you.
The nine-headed hydra bites you.
* * * LOW HITPOINT WARNING * * *
The nine-headed hydra completely misses you.
The nine-headed hydra bites you!
* * * LOW HITPOINT WARNING * * *
The nine-headed hydra completely misses you.
The nine-headed hydra closely misses you.
You barely miss the nine-headed hydra.
The nine-headed hydra is almost dead.
You block the nine-headed hydra's attack.
The nine-headed hydra closely misses you.
The nine-headed hydra completely misses you.
The nine-headed hydra misses you. The nine-headed hydra bites you!
You die...
Your body crumbles into a pile of gold.

.. .... .. #...# .##....# #
....##.# #..# #.#. ....##.#
#..# .##..## ...##..# P.)#
#.#P.P# .......###..##
.....##
............#.####...P#
##.#.##.##.###..###...######
##.#.##.##......@D.........#
.....##........^.#...#.###.##
###..###.#.###.#.##...###...#
.##..# ##### ###.##..## ##.##
...#.# #.##..# #.# ##.#.#
#.#...# ###.# .).P.#
#.##..###.#.## ##......
..##.....D...# # #...#
#.##.##...# ###..###
#..####...###### ...# #P..#
#P..##.#.#


You could see a nine-headed hydra.

Vanquished Creatures
  Gastronok (D:11)
  A boulder beetle (D:10)
  Erica (D:11)
  A centaur warrior (D:13)
  2 ugly things
  A manticore (D:11)
  Psyche (D:8)
  A centaur zombie (D:12)
  A centaur skeleton (D:12)
  Maggie (D:6)
  2 komodo dragons
  3 trolls
  2 wraiths
  12 yaks
  2 wyverns (D:12)
  Eustachio (D:4)
  A steam dragon (D:9)
  3 vampire mosquitoes (D:12)
  Menkaure (D:5)
  An acid dragon (D:13)
  A water moccasin (D:6)
  3 ice beasts
  7 orc warriors
  2 phantoms
  2 sky beasts (D:13)
  A black bear (D:12)
  An eye of draining (D:8)
  4 necrophages
  7 ogres
  6 centaurs
  5 big kobolds
  5 bullfrogs
  3 gnoll sergeants (D:12)
  2 wyvern zombies
  A water moccasin zombie (D:8)
  3 scorpions
  3 killer bees (D:11)
  16 wights
  3 howler monkeys
  3 bullfrog zombies
  2 quasits
  3 bullfrog skeletons
  14 orc wizards
  6 hounds
  3 jellies
  5 orc priests
  5 iguanas
  3 worker ants
  2 hound skeletons
  A worker ant zombie (D:6)
  3 gnolls (D:12)
  14 adders
  A shadow imp (D:6)
  3 white imps
  An ufetubus (D:6)
  2 oozes
  An adder skeleton (D:5)
  3 worms
  2 dart slugs (D:2)
  2 leopard geckos
  34 orcs
  A ball python (D:2)
  6 bats
  3 giant cockroaches
  4 goblins
  4 hobgoblins
  21 jackals
  12 kobolds
  3 quokkas
  2 frilled lizards
  2 leopard gecko skeletons
  4 rats
289 creatures vanquished.

Vanquished Creatures (others)
  A kobold (D:12)
  3 fungi (Lair:1)
4 creatures vanquished.

Grand Total: 293 creatures vanquished

Notes
Turn   | Place    | Note
-------+----------+-------------------------------------------
     0 | D:1      | om the Minotaur Fighter began the quest for the Orb.
     0 | D:1      | Reached XP level 1. HP: 19/19 MP: 0/0
   173 | D:1      | Reached XP level 2. HP: 26/27 MP: 1/1
   423 | D:1      | You fall into a shaft and drop 1 floor!
   496 | D:2      | Reached XP level 3. HP: 26/33 MP: 2/2
  1376 | D:2      | Reached XP level 4. HP: 39/40 MP: 3/3
  2038 | D:3      | Found a glowing golden altar of the Shining One.
  2240 | D:3      | Found an ancient bone altar of Kikubaaqudgha.
  2689 | D:4      | Noticed Eustachio
  2717 | D:4      | Killed Eustachio
  2717 | D:4      | Reached skill level 5 in Axes
  2717 | D:4      | Reached skill level 5 in Armour
  2717 | D:4      | Reached skill level 5 in Shields
  2717 | D:4      | Reached XP level 5. HP: 43/46 MP: 4/4
  2755 | D:4      | Found a basalt altar of Yredelemnul.
  2987 | D:4      | Reached XP level 6. HP: 35/52 MP: 5/5
  3461 | D:5      | Entered Level 5 of the Dungeon
  3472 | D:5      | Found a shimmering blue altar of Sif Muna.
  3490 | D:5      | Found a staircase to the Ecumenical Temple.
  3499 | Temple   | Entered the Ecumenical Temple
  3609 | Temple   | Became a worshipper of Gozag Ym Sagoz the Greedy
  3625 | D:5      | Reached XP level 7. HP: 30/59 MP: 6/6
  3821 | D:5      | Noticed Menkaure
  3838 | D:5      | Found a shimmering blue altar of Sif Muna.
  4085 | D:5      | Killed Menkaure
  4158 | D:5      | Found an ornate altar of the Wu Jian Council.
  4170 | D:5      | Found a shadowy altar of Dithmenos.
  4400 | D:6      | Found a shadowy altar of Dithmenos.
  4594 | D:6      | Noticed Maggie
  4613 | D:6      | Killed Maggie
  4613 | D:6      | Reached skill level 2 in Dodging
  4613 | D:6      | Reached XP level 8. HP: 67/67 MP: 7/7
  4629 | D:6      | Reached skill level 5 in Fighting
  4886 | D:6      | Reached skill level 3 in Dodging
  5021 | D:7      | Reached skill level 4 in Dodging
  5329 | D:7      | Got a fine buckler
  5340 | D:7      | Identified the cursed +0 buckler "Woczock" {Rampage rF+
                  | rC+} (You found it on level 7 of the Dungeon)
  5363 | D:7      | Found a sparkling altar of Nemelex Xobeh.
  5409 | D:7      | Reached skill level 5 in Dodging
  5529 | D:7      | Reached skill level 6 in Dodging
  5743 | D:8      | Reached XP level 9. HP: 66/74 MP: 8/8
  5756 | D:8      | Reached skill level 7 in Dodging
  6092 | D:8      | Reached skill level 8 in Dodging
  6292 | D:8      | Reached skill level 9 in Dodging
  6460 | D:8      | Noticed Psyche
  6471 | D:8      | Killed Psyche
  6471 | D:8      | Reached skill level 10 in Dodging
  6904 | D:9      | Found Guytsiyg's Antique Armour Shop.
  6907 | D:9      | Bought a glowing cloak for 172 gold pieces
  7008 | D:9      | Reached skill level 11 in Dodging
  7443 | D:9      | Reached XP level 10. HP: 82/82 MP: 9/9
  7447 | D:9      | Got a fine ring mail
  7458 | D:9      | Identified the cursed +0 ring mail "Gaedaerch" {*Contam
                  | Harm *Slow rCorr} (You found it on level 9 of the Dungeon)
  7737 | D:10     | Entered Level 10 of the Dungeon
  7758 | D:10     | Reached skill level 12 in Dodging
  7773 | D:10     | Bought a potion of curing for 33 gold pieces
  7773 | D:10     | Bought a potion of heal wounds for 55 gold pieces
  7779 | D:10     | Found a staircase to the Lair.
  8603 | D:10     | Reached skill level 13 in Dodging
  8691 | D:11     | Noticed a red ugly thing
  8742 | D:10     | Killed a red ugly thing
  9065 | D:11     | Reached skill level 14 in Dodging
  9128 | D:11     | Noticed Gastronok
  9151 | D:11     | Killed Gastronok
  9151 | D:11     | Reached XP level 11. HP: 26/89 MP: 10/10
  9617 | D:11     | Noticed a boulder beetle
  9948 | D:11     | Noticed Erica
  9956 | D:11     | Killed Erica
  9956 | D:11     | Reached skill level 15 in Dodging
 10249 | D:12     | Noticed a white ugly thing
 10269 | D:12     | Killed a white ugly thing
 10642 | D:12     | Found a staircase to the Orcish Mines.
 10661 | D:12     | Reached skill level 16 in Dodging
 11128 | D:12     | Found a bloodstained altar of Trog.
 12699 | D:10     | Killed a boulder beetle
 12699 | D:10     | Reached skill level 17 in Dodging
 13063 | D:13     | Reached XP level 12. HP: 96/96 MP: 11/11
 13420 | D:13     | Noticed a centaur warrior
 13428 | D:13     | Killed a centaur warrior
 13750 | Lair:1   | Entered Level 1 of the Lair of Beasts
 14000 | Lair:1   | Noticed a four-headed hydra
 14053 | Lair:1   | Slain by a nine-headed hydra

Illustrated notes

Levels and vault maps discovered:
D:1:      lightli_arrival_flooded_house, layout_basic,
          chequers_serial_rivers_micro_a
D:2:      layout_loops_ring, chequers_big_river, kennysheep_crisscross,
          minmay_misc_feat_more_columns
D:3:      layout_basic, lemuel_coloured_pillars_altar, kiku_gazebo_garden_becter
D:4:      layout_basic, old_standard_altar, uniq_eustachio
D:5:      layout_cave_pools, lemuel_blue_sif_altar,
          amethyst_overflow_temple_binary, minmay_temple_entry_junction,
          basic_altar, uniq_menkaure
D:6:      layout_cave_pools, kennysheep_minor_cross,
          grunt_dithmenos_smoke_and_mirrors, uniq_maggie
D:7:      layout_gridville, nemelex_diamond_rough_becter
D:8:      layout_basic, uniq_psyche
D:9:      layout_small_grid, serial_shops, shop_fountains, eino_tiny_chamber
D:10:     layout_gridville, lair_entry_dummy
D:11:     layout_basic, uniq_erica, uniq_gastronok
D:12:     layout_basic, kennysheep_orc_monster_closet_entryway, basic_altar
D:13:     layout_small_grid
Temple:   lightli_temple_of_artemis
Lair:1:   layout_loops_ring, beast_lair_carwin_2

Skill      XL: |  1  2  3  4  5  6  7  8  9 10 11 |
---------------+----------------------------------+-----
Axes           | 3 5 7 8 |  8.0
Fighting       | 4 6 |  6.0
Shields        | 4 5 |  5.0
Armour         | 4 5 6 8 |  8.0
Dodging        | 2 6 11 14 17 | 17.5

Action                   |  1- 3 |  4- 6 |  7- 9 | 10-12 || total
-------------------------+-------+-------+-------+-------++-------
Melee: War axe           |    80 |   110 |   285 |   387 ||   862
       Headbutt          |    10 |    23 |    76 |   108 ||   217
Invok: Call Merchant     |       |       |       |     1 ||     1
Evoke: Wand              |       |       |     3 |     2 ||     5
  Use: Potion            |       |     1 |     2 |     8 ||    11
       Scroll            |       |     1 |     5 |     5 ||    11
 Stab: Distracted        |       |       |     3 |     3 ||     6
Armor: Scale mail        |    40 |    51 |    77 |       ||   168
       Skin              |       |       |     8 |       ||     8
       Ring mail         |       |       |       |    63 ||    63
Dodge: Dodged            |    26 |    43 |   167 |   345 ||   581
Block: Kite shield       |    44 |    81 |    52 |       ||   177
       Buckler           |       |       |    66 |   116 ||   182

Table legend: (Time is in decaauts)
 A = Elapsed time spent in this place.
 B = Non-inter-level travel time spent in this place.
 C = Inter-level travel time spent in this place.
 D = Time resting spent in this place.
 E = Time spent auto-exploring this place.
 F = Levels seen in this place.
 G = Mean time per level.
                   A        B        C        D        E       F      G
               +--------+--------+--------+--------+--------+-----+--------+
         Total |  14223 |  13497 |    726 |   1331 |   9971 |  15 |  948.2 |
       Dungeon |  13800 |  13098 |    702 |   1181 |   9797 |  13 | 1061.5 |
        Temple |    118 |     94 |     24 |      0 |     85 |   1 |  118.0 |
          Lair |    303 |    303 |      0 |    150 |     89 |   1 |  303.0 |
               +--------+--------+--------+--------+--------+-----+--------+

Top non-repeatable levels by time:
    D:11: 2276 daAuts
    D:12: 1634 daAuts
    D:10: 1416 daAuts
     D:8: 1214 daAuts
     D:2: 1046 daAuts
     D:3: 900 daAuts
     D:4: 883 daAuts
     D:9: 837 daAuts
     D:1: 754 daAuts
    D:13: 740 daAuts
     D:5: 708 daAuts
     D:7: 700 daAuts
     D:6: 688 daAuts
  Lair:1: 303 daAuts
  Temple: 118 daAuts
